 Dungeon Crawl Stone Soup version 0.23.1 (webtiles) character file.

Game seed: 1840134039147433251

341 Sandy the Cudgeler (level 6, -1/55 HPs)
             Began as a Deep Dwarf Fighter on Mar 2, 2019.
             Slain by Scaeme's ghost (8 damage)
             ... on level 6 of the Dungeon on Mar 3, 2019.
             The game lasted 00:06:37 (980 turns).

Sandy the Cudgeler (Deep Dwarf Fighter)              Turns: 980, Time: 00:06:37

Health: -1/55      AC:  6    Str: 19    XL:     6   Next: 30%
Magic:  5/5        EV:  7    Int:  9    God:
Gold:   61         SH:  9    Dex: 14    Spells: 5/5 levels left

rFire    . . .     SeeInvis .   a - +0 flail
rCold    . . .     Gourm    .   c - +0 shield
rNeg     . . .     Faith    .   b - +0 scale mail
rPois    .         Spirit   .   (no helmet)
rElec    .         Reflect  .   (no cloak)
rCorr    .         Harm     .   (no gloves)
MR       .....                  (no boots)
Stlth    ..........             (no amulet)
HPRegen  0.00/turn              (no ring)
MPRegen  0.09/turn              (no ring)

@: non-regenerating
A: damage resistance, heal wounds, sense surroundings 1, no regeneration
a: Heal Wounds


You were on level 6 of the Dungeon.
You were hungry.

You visited 1 branch of the dungeon, and saw 6 of its levels.
You also visited: Sewer.

You collected 61 gold pieces.

Inventory:

Hand Weapons
 a - a +0 flail (weapon)
 g - a +2 dagger of draining
 p - a +0 blowgun
Missiles
 i - 6 tomahawks (quivered)
 q - 5 curare-tipped needles
Armour
 b - a +0 scale mail (worn)
 c - a +0 shield (worn)
Wands
 k - a wand of acid (6)
Scrolls
 e - a scroll of identify {unknown}
 j - a scroll of blinking {unknown}
 l - a scroll of teleportation {unknown}
 m - a scroll of fog {unknown}
 n - a scroll of fear {unknown}
 r - a scroll of magic mapping {unknown}
Potions
 d - a potion of might
 h - a potion of curing
 o - 2 potions of haste
 s - a potion of degeneration {unknown}
Comestibles
 f - 5 rations


   Skills:
 - Level 2.6 Fighting
 + Level 6.8 Maces & Flails
 - Level 3.2 Armour
 - Level 3.2 Shields


You had 5 spell levels left.
You didn't know any spells.
Your spell library was empty.

Dungeon Overview and Level Annotations

Branches:
Dungeon (6/15)
 Temple: D:4-7

Altars:

Annotations:
D:6 1 transporter, Scaeme's ghost, novice GrEE


Innate Abilities, Weirdness & Mutations

You are resistant to damage.
You can heal yourself by infusing magical energy.
You passively map a small area around you.
You do not regenerate.


Message History

Found 30 stones.
You see here a black potion.
s - a black potion The hound pauses to sniff the ground.
The hound bites you. You block the hound skeleton's attack.
The hound bites you but does no damage.
The hound skeleton bites you but does no damage.
The orc warrior hits you with a +0 scimitar!
* * * LOW HITPOINT WARNING * * *
You block the hound's attack. The hound completely misses you.
The orc hits you with a +0 flail.
* * * LOW HITPOINT WARNING * * *
Throwing (i - inventory)
i - 6 tomahawks (quivered)
Press: ? - help, Shift-Dir - straight line, f - hound
Aim: a hound
Okay, then.
You fail to use your ability.
You block the hound's attack. The hound barely misses you.
The orc closely misses you. Scaeme's ghost hits you.
You are electrocuted!
You die...

, , ...... #. #.(# ,
#...$...##.###..## ,
#................## *
#.....Z#########..# ,##
#.....##.......##.# ..
#.....#8..#.#..8#.#.# *
,#.....#..#Z..#..#...### * #
#.....#..hoo....#......
.#....©#..@W©....#©.....
##.#.##..#........$#......
,,......#.#..#...#..#......
####.#.#.#.#8..#.#..8#......
.....#.#.#.##......©##......*
#........#########...>...
#......#.................
#......###...............
#......# ..... , ,


You could see an orc warrior, a hound, Scaeme's ghost, an orc, a hound zombie
and a hound skeleton.

Vanquished Creatures
  3 big kobolds (Sewer)
  A crimson imp (D:6)
  5 adders
  A river rat (Sewer)
  2 oozes (Sewer)
  A worm (Sewer)
  4 leopard geckos (D:5)
  6 ball pythons (Sewer)
  3 bats
  4 giant cockroaches
  A goblin (D:2)
  2 kobolds
  6 rats
39 creatures vanquished.

Notes
Turn   | Place    | Note
-------+----------+-------------------------------------------
     0 | D:1      | Sandy the Deep Dwarf Fighter began the quest for the Orb.
     0 | D:1      | Reached XP level 1. HP: 20/20 MP: 1/1
   214 | D:3      | Noticed a jelly
   235 | D:4      | Noticed a hippogriff
   267 | D:5      | Entered Level 5 of the Dungeon
   277 | D:5      | Found a glowing drain.
   280 | D:5      | Reached XP level 2. HP: 27/27 MP: 2/2
   285 | D:5      | Reached skill level 3 in Maces & Flails
   303 | Sewer    | Entered a sewer
   317 | Sewer    | Reached XP level 3. HP: 18/33 MP: 3/3
   481 | Sewer    | Noticed a big kobold
   481 | Sewer    | Noticed a big kobold
   493 | Sewer    | Killed a big kobold
   493 | Sewer    | Reached skill level 4 in Maces & Flails
   493 | Sewer    | Reached XP level 4. HP: 19/40 MP: 4/4
   519 | Sewer    | Killed a big kobold
   519 | Sewer    | Reached skill level 5 in Maces & Flails
   519 | Sewer    | Reached XP level 5. HP: 7/46 MP: 5/5
   644 | Sewer    | Reached skill level 6 in Maces & Flails
   675 | Sewer    | Reached XP level 6. HP: 21/55 MP: 6/6
   957 | D:6      | Found a transporter.
   957 | D:6      | Noticed Scaeme's ghost (novice GrEE)
   959 | D:6      | Noticed an orc warrior
   965 | D:6      | Found a transporter.
   980 | D:6      | Slain by Scaeme's ghost

Skill      XL: |  1  2  3  4  5 |
---------------+----------------+-----
Maces & Flails | 3 4 5 6 |  6.8
Fighting       | |  2.6
Armour         | |  3.2
Shields        | |  3.2

Action                   |  1- 3 |  4- 6 || total
-------------------------+-------+-------++-------
Melee: Flail             |    77 |    97 ||   174
Throw: Tomahawk          |     1 |     3 ||     4
 Abil: Heal Wounds       |       |     1 ||     1
  Use: Potion            |       |     3 ||     3
Armor: Scale mail        |    60 |    36 ||    96
Dodge: Dodged            |    35 |    29 ||    64
Block: Shield            |    51 |    44 ||    95
